 Dungeon Crawl Stone Soup version 0.23-a0-315-ga85b81c (console) character file.

407 bli the Skirmisher (level 6, 0/49 HPs)
             Began as a Demonspawn Abyssal Knight on Oct 13, 2018.
             Was a Priest of Lugonu.
             Killed by divine providence
             ... invoked by an orc priest
              (10 damage)
             ... on level 4 of the Dungeon.
             The game lasted 00:14:19 (3139 turns).

bli the Skirmisher (Demonspawn Abyssal Knight)      Turns: 3139, Time: 00:14:20

Health: 0/49       AC:  5    Str: 13    XL:     6   Next: 57%
Magic:  0/8        EV: 12    Int: 17    God:    Lugonu [***...]
Gold:   103        SH:  0    Dex: 14    Spells: 5/5 levels left

rFire    . . .     SeeInvis .   a - +1 falchion
rCold    . . .     Gourm    .   (no shield)
rNeg     . . .     Faith    .   b - +0 leather armour
rPois    .         Spirit   +   (no helmet)
rElec    .         Reflect  .   o - +0 cloak
rCorr    .         Harm     .   d - +0 pair of gloves
MR       .....                  (no boots)
Stlth    ++........             (no amulet)
HPRegen  0.16/turn              f - +4 ring of intelligence
MPRegen  0.11/turn              (no ring)

@: no status effects
A: talons 1, powered by death 1, magic shield, sturdy frame 1
a: Depart the Abyss, Bend Space, Banish, Renounce Religion


You were on level 4 of the Dungeon.
You worshipped Lugonu.
Lugonu was most pleased with you.
You were hungry.

You visited 1 branch of the dungeon, and saw 4 of its levels.
You visited the Abyss 1 time.

You collected 103 gold pieces.

Inventory:

Hand Weapons
 a - a +1 falchion (weapon)
Missiles
 g - 77 stones
 u - 7 javelins (quivered)
 w - 6 tomahawks
Armour
 b - a +0 leather armour (worn)
 d - a +0 pair of gloves (worn)
 o - a +0 cloak (worn)
 r - a +0 pair of boots
 v - a +1 scale mail of fire resistance
Jewellery
 f - a +4 ring of intelligence (left hand)
Scrolls
 e - a scroll of enchant weapon {unknown}
 h - 4 scrolls of identify
 k - a scroll of magic mapping {unknown}
 l - a scroll of fear {unknown}
 m - a scroll of amnesia {unknown}
 n - 3 scrolls of teleportation {unknown}
 p - a scroll of remove curse {unknown}
 s - a scroll of blinking {unknown}
Potions
 i - a potion of haste {unknown}
 q - a potion of mutation {unknown}
 t - a potion of cancellation {unknown}
 x - a potion of lignification {unknown}
Comestibles
 c - 8 rations
 j - 3 chunks of flesh


   Skills:
 + Level 4.5 Fighting
 * Level 4.3 Long Blades
 + Level 2.7 Armour
 + Level 2.1 Dodging
 + Level 1.2 Stealth
 + Level 2.8 Invocations


You had 5 spell levels left.
You didn't know any spells.
Your spell library was empty.

Dungeon Overview and Level Annotations

Branches:
Dungeon (4/15)
 Temple: D:4-7

Altars:
Cheibriados
Qazlal
Trog
Wu Jian
Yredelemnul
Zin
The Shining One

Shops:
D:4 [(([

Annotations:
D:3 Sigmund


Innate Abilities, Weirdness & Mutations

You have sharp toenails.
You regenerate a little health from kills.
When hurt, damage is shared between your health and your magic reserves.
Your movements are slightly less encumbered by armour. (ER -2)


Message History

The orc hits you with a flail.
Unknown command.
The orc priest calls upon Beogh to heal something.
You hear an angry hiss.
You barely miss the orc.
The orc is heavily wounded.
The orc hits you with a dagger. Something hits you but does no damage.
The orc An adder comes into view.
You miss something.
The adder hisses angrily.
You claw something. Something hits you.
The orc priest invokes the aid of Beogh against you.
Beogh smites you!
* * * LOW HITPOINT WARNING * * *
You hit something. Your kick misses something.
Something hits you but does no You barely miss something.
You claw something. Something hits you.
* * * LOW HITPOINT WARNING * * *
The orc priest calls down the wrath of Beogh upon you.
Beogh smites you!
You die...

##.######## ##'####### ...
......#..#....# .....
.........#....# .....
#.............#######.....
#.♣.♣.♣.♣.................
#..8.∩.8..................
+.♣.♣.♣.♣.................
#..∩.⌠.∩..........o.......
#.♣.♣.♣.♣.....####o##
...8.∩.8......#.@.o.#.......#
..♣.♣.♣.♣.....+..o).#.......'
#.............###...#.......#####
####.##.....#####...###.........#
#...#.....'.........#.........#
+...#.....#.........#......≈..#
### #.....#..#.....##.....≈⌠...
############...#####..≈≈≈..
#....#..........#
#....#.....#....#
#....'.....#....#


You could see an orc priest and 2 orcs.

Vanquished Creatures
  A phantom (D:2)
  A howler monkey (D:4)
  A hound (D:4)
  An orc priest (D:2)
  2 orc wizards
  Terence (D:3)
  A worker ant (D:4)
  3 adders (D:2)
  An ooze (D:3)
  A worm (D:2)
  2 dart slugs
  2 leopard geckos
  6 orcs
  6 bats
  3 giant cockroaches (D:1)
  9 goblins
  6 hobgoblins (D:1)
  7 jackals
  12 kobolds
  2 quokkas (D:2)
  2 ball pythons
  A frilled lizard (D:1)
  11 rats
82 creatures vanquished.

Notes
Turn   | Place    | Note
-------+----------+-------------------------------------------
     0 | Abyss:1  | bli the Demonspawn Abyssal Knight began the quest for the
                  | Orb.
     0 | Abyss:1  | Reached XP level 1. HP: 18/18 MP: 2/2
    85 | Abyss:1  | Noticed a small abomination
   110 | D:1      | Escaped the Abyss
   188 | D:1      | Reached * piety under Lugonu
   308 | D:1      | Gained mutation: You have sharp toenails. [demonic
                  | ancestry]
   308 | D:1      | Reached XP level 2. HP: 24/24 MP: 4/4
   581 | D:1      | Reached skill level 1 in Dodging
   700 | D:1      | You fall through a shaft!
   716 | D:2      | Gained mutation: When hurt, damage is shared between your
                  | health and your magic reserves. [demonic ancestry]
   716 | D:2      | Reached XP level 3. HP: 15/29 MP: 5/5
  1501 | D:2      | Reached ** piety under Lugonu
  1501 | D:2      | Gained mutation: You regenerate a little health from kills.
                  | [demonic ancestry]
  1501 | D:2      | Reached XP level 4. HP: 4/37 MP: 1/6
  1767 | D:2      | Noticed a phantom
  1807 | D:2      | Killed a phantom
  1807 | D:2      | Reached XP level 5. HP: 19/43 MP: 4/7
  2552 | D:3      | Found a basalt altar of Yredelemnul.
  2553 | D:3      | Found a glowing silver altar of Zin.
  2555 | D:3      | Found a snail-covered altar of Cheibriados.
  2557 | D:3      | Found a stormy altar of Qazlal.
  2557 | D:3      | Found a bloodstained altar of Trog.
  2557 | D:3      | Found a glowing golden altar of the Shining One.
  2564 | D:3      | Found an ornate altar of the Wu Jian Council.
  2654 | D:3      | Noticed Terence
  2744 | D:3      | Killed Terence
  2744 | D:3      | Gained mutation: Your movements are slightly less
                  | encumbered by armour. (ER -2) [demonic ancestry]
  2744 | D:3      | Reached XP level 6. HP: 45/49 MP: 6/8
  2746 | D:3      | Reached skill level 1 in Stealth
  2812 | D:3      | Noticed Sigmund
  2835 | D:4      | Found Mimu's Antique Weapon Shop.
  2836 | D:4      | Found Doivigil's Armour Shop.
  2836 | D:4      | Found Lucowitu's Antique Armour Shop.
  2838 | D:4      | Found Ychithrekk's Antique Weapon Shop.
  3122 | D:4      | Reached *** piety under Lugonu
  3139 | D:4      | Killed from afar by an orc priest

Vault maps used:
D:1:      dpeg_arrival_prison
D:2:      first_ration
D:3:      grunt_temple_overflow_open, lemuel_old_faithful, uniq_terence,
          uniq_sigmund
D:4:      minmay_shop_grid_forest, corexii_leaking_fountain

Skill      XL: |  1  2  3  4  5  6 |
---------------+-------------------+-----
Armour         | 2 |  2.7
Dodging        | 1 2 |  2.1
Long Blades    | 2 3 4 |  4.3
Fighting       | 4 |  4.5
Stealth        | 1 |  1.2
Invocations    | |  2.8

Action                   |  1- 3 |  4- 6 || total
-------------------------+-------+-------++-------
Melee: Falchion          |    90 |   147 ||   237
       Kick              |    12 |    44 ||    56
Throw: Stone             |    15 |    27 ||    42
       Javelin           |       |     5 ||     5
Invok: Depart the Abyss  |     1 |       ||     1
  Use: Potion            |     1 |     1 ||     2
       Scroll            |       |     1 ||     1
 Stab: Sleeping          |     1 |     3 ||     4
  Eat: Chunk             |     2 |     5 ||     7
Armor: Leather armour    |    22 |    42 ||    64
Dodge: Dodged            |    49 |    91 ||   140
       Rpst.: Falchion   |    15 |    27 ||    42

Table legend:
 A = Non-vault XP
 B = Vault XP
 C = Vault XP percentage of total XP
 D = Non-vault monster count
 E = Vault monster count
 F = Vault count percentage of total count
                 A         B        C        D         E       F
            +---------+---------+-------+---------+---------+-------
      Total |     541 |      41 |   7.0 |      77 |       5 |   6.1
            +---------+---------+-------+---------+---------+-------
        D:1 |      47 |       5 |   9.6 |      25 |       4 |  13.8
        D:2 |     291 |       0 |   0.0 |      30 |       0 |   0.0
        D:3 |      71 |      36 |  33.6 |      18 |       1 |   5.3
        D:4 |     132 |       0 |   0.0 |       4 |       0 |   0.0
            +---------+---------+-------+---------+---------+-------
